 Dungeon Crawl Stone Soup version 0.31-a0-1496-g79c7dd0eeb (webtiles) character file.

Game seed: 2922800401656843557

0 raph the Sneak (level 1, 0/14 HPs)
             Began as a Kobold Delver on Dec 29, 2023.
             Was an Initiate of Kikubaaqudgha.
             Slain by a gnoll
             ... wielding a +0 flail
              (5 damage)
             ... on level 2 of the Dungeon.
             The game lasted 00:01:23 (213 turns).

raph the Sneak (Kobold Delver)                       Turns: 213, Time: 00:01:23

Health: 0/14       AC:  3    Str:  9    XL:     1   Next: 0%
Magic:  1/1        EV: 14    Int: 11    God:    Kikubaaqudgha [......]
Gold:   0          SH:  0    Dex: 16    Spells: 0/0 levels left

rFire   . . .        a - +0 short sword
rCold   . . .        (no shield)
rNeg    . . .        b - +0 leather armour
rPois   .            (no helmet)
rElec   .            (no cloak)
rCorr   .            (no gloves)
SInv    .            (no boots)
Will    .....        (no amulet)
Stlth   ++++         (no ring)
HPRegen 0.22/turn    (no ring)
MPRegen 0.07/turn

%: no passive effects
@: no status effects
A: small, no large weapons, nightstalker 3
a: Renounce Religion


You were on level 2 of the Dungeon.
You worshipped Kikubaaqudgha.
Kikubaaqudgha was noncommittal.
You visited 1 branch of the dungeon, and saw 4 of its levels.

Inventory:

Hand Weapons
 a - a +0 short sword (weapon)
Armour
 b - a +0 leather armour (worn)
Wands
 g - a wand of digging (3)
Scrolls
 c - a scroll of fog
 e - a scroll of fear
Potions
 d - a potion of berserk rage {unknown}
 f - a potion of haste
 h - a potion of cancellation {unknown}


   Skills:
 + Level 3.2 Fighting
 * Level 2.6 Short Blades
 + Level 2.4 Dodging
 * Level 6.6 Stealth


You couldn't memorise any spells.
You didn't know any spells.
Your spell library contained the following spells:

 Spells                   Type           Power      Damage    Failure   Level
 Stone Arrow              Conj/Erth      0%         3d7       83%         3
 Animate Armour           Summ/Erth      0%         N/A       99%         4
 Lehudib's Crystal Spear  Conj/Erth      0%         10d2      100%        8


Dungeon Overview and Level Annotations

Branches:
Dungeon (5/15)
 Temple: D:4-7

Altars:
Kikubaaqudgha


Innate Abilities, Weirdness & Mutations

You are small and have problems with some larger weapons.
You are completely attuned to the shadows.


Message History

There is a stone staircase leading down here.
Found a stone staircase leading up.
Found a blue potion.
d - a bubbling black potion
h - a blue potion
Found a leather armour.
There is a stone staircase leading up here.
You climb upwards.
There is a stone staircase leading down here.
Found 3 poisoned darts.
You see here 3 poisoned darts.
i - 3 poisoned darts A gnoll comes into view.
It is wielding a +0 flail.
Throw: 3 darts (poison)
Press: ? - help, Q - select action Shift-Dir - straight line, f - gnoll
Aim: a gnoll, wielding a +0 flail (61% to hit)
You throw a poisoned dart. The poisoned dart hits the gnoll.
Throw: 2 darts (poison)
Press: ? - help, Q - select action Shift-Dir - straight line, f/p - gnoll
Aim: a gnoll, wielding a +0 flail (61% to hit)
You throw a poisoned dart. The poisoned dart hits the gnoll.
Throw: dart (poison)
Press: ? - help, Q - select action Shift-Dir - straight line, f/p - gnoll
Aim: a gnoll, wielding a +0 flail (61% to hit)
You throw a poisoned dart. The poisoned dart hits the gnoll.
The gnoll is poisoned.
The gnoll misses you.
You closely miss the gnoll. You hit the gnoll.
The gnoll is moderately wounded.
The gnoll barely misses you.
You hit the gnoll but do no damage.
The gnoll is moderately wounded.
The gnoll hits you with a +0 flail!
Ouch! That really hurt!
You hit the gnoll but do no damage.
The gnoll is moderately wounded.
The gnoll hits you with a +0 flail.
You die...
Kikubaaqudgha rasps: "You have failed me!
Welcome... death!"

#.# #.# #.#
####.#########
#............#
#.##.#>.####.#
#.##.#..####.#
#.##......##.#####..
#.####..#......@g((.
#............######.
##############


You could see a gnoll (poisoned).

Vanquished Creatures (others)
  A human (D:5)
1 creature vanquished.

Notes
Turn   | Place    | Note
-------+----------+-------------------------------------------
     0 | D:5      | raph the Kobold Delver began the quest for the Orb.
     0 | D:5      | Reached XP level 1. HP: 14/14 MP: 1/1
    63 | D:5      | Found an ancient bone altar of Kikubaaqudgha.
    65 | D:5      | Noticed a human
    66 | D:5      | Killed a human
    67 | D:5      | Became a worshipper of Kikubaaqudgha
    90 | D:5      | Noticed an iguana
    95 | D:5      | Noticed a bombardier beetle
   213 | D:2      | Slain by a gnoll

Illustrated notes

Levels and vault maps discovered:
D:2:      layout_loops_cross, serial_bayou_pond_b, minmay_split_cup_small
D:3:      wander_river, layout_basic, mainiacjoe_overflow_concentric_impassable,
          serial_glass, glass_columns_c, glass_columns_a, glass_columns_a,
          glass_columns_c, glass_columns_b, glass_columns_a, glass_columns_c,
          glass_columns_b, glass_columns_a, glass_columns_c, glass_columns_a,
          glass_columns_a, glass_columns_a, glass_columns_b
D:4:      layout_rooms, gammafunk_temple_overflow_statue, portal_sewer_entry_a,
          chequers_mini_garden
D:5:      layout_rooms, tgw_kikubaaqudgha, chequers_serial_rivers_marsh,
          nicolae_shop_i_like_big_books, hangedman_decor_diamond_cutter,
          grunt_tough_drop

Action                     || total
---------------------------++-------
  Melee: Short sword       ||     4
  Throw: Dart              ||     3
    Use: Scroll            ||     1
 Armour: Leather armour    ||     2
  Dodge: Dodged            ||     2

Table legend: (Time is in decaauts)
 A = Elapsed time spent in this place.
 B = Non-inter-level travel time spent in this place.
 C = Inter-level travel time spent in this place.
 D = Time resting spent in this place.
 E = Time spent auto-exploring this place.
 F = Levels seen in this place.
 G = Mean time per level.
                   A        B        C        D        E       F      G
               +--------+--------+--------+--------+--------+-----+--------+
         Total |    212 |    212 |      0 |      0 |     10 |   4 |   53.0 |
       Dungeon |    212 |    212 |      0 |      0 |     10 |   4 |   53.0 |
               +--------+--------+--------+--------+--------+-----+--------+

Top non-repeatable levels by time:
     D:5: 140 daAuts
     D:2: 41 daAuts
     D:3: 20 daAuts
     D:4: 9 daAuts
